 Dungeon Crawl Stone Soup version 0.29.1-15-g9cfb28693d (webtiles) character file.

Game seed: 9106203974047052338

35 DemonSlayer the Digger (level 3, -2/24 HPs)
             Began as a Demonspawn Earth Elementalist on Feb 27, 2023.
             Slain by a kobold
             ... wielding a +0 club
              (3 damage)
             ... on level 2 of the Dungeon.
             The game lasted 00:01:42 (1069 turns).

DemonSlayer the Digger (DsEE)                       Turns: 1069, Time: 00:01:42

Health: -2/24      AC:  4    Str: 10    XL:     3   Next: 17%
Magic:  2/6        EV: 12    Int: 16    God:
Gold:   56         SH:  0    Dex: 13    Spells: 4/7 levels left

rFire   . . .      SeeInvis .   b - +0 club
rCold   . . .      Faith    .   (no shield)
rNeg    + . .      Spirit   .   a - +0 robe
rPois   .          Reflect  .   (no helmet)
rElec   .          Harm     .   (no cloak)
rCorr   .          Rampage  .   (no gloves)
Will    .....                   (no boots)
Stlth   ++........              (no amulet)
HPRegen 0.08/turn               e - ring of positive energy
MPRegen 0.10/turn               (no ring)

@: no status effects
A: hooves 1, yellow scales 1
a: no special abilities


You were on level 2 of the Dungeon.
You visited 1 branch of the dungeon, and saw 2 of its levels.

You collected 56 gold pieces.

Inventory:

Hand Weapons
 b - a +0 club (weapon)
Armour
 a - a +0 robe (worn)
Jewellery
 e - a ring of positive energy (left hand)
Scrolls
 c - 3 scrolls of identify {unknown}
 d - a scroll of silence {unknown}
 h - a scroll of teleportation {unknown}
Potions
 f - 2 potions of might {unknown}
 g - a potion of attraction {unknown}
 i - a potion of mutation {unknown}
 j - a potion of cancellation {unknown}


   Skills:
 + Level 1.9 Dodging
 + Level 1.7 Stealth
 + Level 2.5 Spellcasting
 + Level 0.8 Transmutations
 + Level 3.4 Earth Magic


You had 4 spell levels left.
You knew the following spells:

 Your Spells              Type           Power      Damage    Failure   Level
a - Sandblast             Erth           26%        2d8       4%          1
b - Passwall              Tmut/Erth      6%         N/A       12%         2

Your spell library contained the following spells:

 Spells                   Type           Power      Damage    Failure   Level
 Stone Arrow              Conj/Erth      14%        3d7       28%         3
 Petrify                  Tmut/Erth      8%         N/A       63%         4


Dungeon Overview and Level Annotations

Branches:
Dungeon (2/15)

Altars:


Innate Abilities, Weirdness & Mutations

You have large cloven feet.
You are partially covered in yellow scales. (AC +2)


Message History

The jackal attacks as you move away! The jackal closely misses you.
The jackal bites you.
You hit the jackal. Your kick misses the jackal.
The jackal is moderately wounded.
The jackal bites you.
You barely miss the jackal. You kick the jackal.
The jackal is almost dead.
The jackal barely misses you. The jackal bites you.
You hit the jackal.
You kill the jackal!
The jackal barely misses you.
You hit the jackal. You kick the jackal, but do no damage.
The jackal is moderately wounded.
The jackal misses you. The jackal bites you.
* * * LOW HITPOINT WARNING * * *
You completely miss the jackal. You kick the jackal.
You kill the jackal!
You hit the kobold but do no damage. You kick the kobold, but do no damage.
The kobold barely misses you.
You hit the kobold but do no damage. Your kick misses the kobold.
The kobold barely misses you. The kobold misses you.
You closely miss the kobold. The kobold hits you but does no damage.
You hit the kobold but do no damage. The kobold hits you with a +0 club.
* * * LOW HITPOINT WARNING * * *
You hit the kobold but do no damage. The kobold hits you but does no damage.
You barely miss the kobold. The kobold completely misses you.
The kobold closely misses you.
You hit the kobold but do no damage. Your kick misses the kobold.
You punch the kobold, but do no damage. The kobold barely misses you.
You completely miss the kobold. The kobold hits you with a +0 club.
* * * LOW HITPOINT WARNING * * *
You closely miss the kobold. You kick the kobold, but do no damage.
The kobold hits you with a +0 club.
* * * LOW HITPOINT WARNING * * *
The kobold hits you with a +0 club.
* * * LOW HITPOINT WARNING * * *
You hit the kobold but do no damage. You kick the kobold, but do no damage.
The kobold hits you but does no damage.
You completely miss the kobold. The kobold hits you with a +0 club.
You die...

##..[.......##.
#..............
#............#
.............# .
..##........# .#
...........###..#
#####.....#...#
#K##....####
#@##.........
####.##.####....
.................
#..######.####....
###. #.# . #.. ##.#
#####.#########..#
####.........##.....##
.....##.......†......#


You could see a kobold.

Vanquished Creatures
  4 endoplasms (D:1)
  A giant cockroach (D:2)
  A goblin (D:1)
  3 hobgoblins
  8 jackals
  2 kobolds
  2 quokkas
  3 ball pythons (D:1)
  2 frilled lizards
  4 rats
  A spectral goblin (D:1)
31 creatures vanquished.

Notes
Turn   | Place    | Note
-------+----------+-------------------------------------------
     0 | D:1      | DemonSlayer the Demonspawn Earth Elementalist began the
                  | quest for the Orb.
     0 | D:1      | Reached XP level 1. HP: 13/13 MP: 3/3
     5 | D:1      | Noticed a demonspawn zombie
    11 | D:1      | Noticed a demonspawn zombie
    78 | D:1      | Found a faded altar of an unknown god.
   263 | D:1      | Reached skill level 3 in Earth Magic
   324 | D:1      | Gained mutation: You have large cloven feet. [demonic
                  | ancestry]
   324 | D:1      | Reached XP level 2. HP: 19/19 MP: 3/5
   679 | D:1      | Learned a level 2 spell: Passwall
   858 | D:2      | Gained mutation: You are partially covered in yellow
                  | scales. (AC +2) [demonic ancestry]
   858 | D:2      | Reached XP level 3. HP: 20/24 MP: 0/6
  1067 | D:2      | HP: 1/24 [kobold/+0 club (1)]
  1069 | D:2      | Slain by a kobold

Illustrated notes

Levels and vault maps discovered:
D:1:      shiori_arrival_whats_in_store_for_you, layout_rooms,
          dreamdust_ecumenical_altar_drowned_temple, serial_park_tiny_pond
D:2:      layout_rooms

Skill      XL: |  1 |
---------------+----+-----
Earth Magic    | 3 |  3.4
Dodging        | |  1.9
Stealth        | |  1.7
Spellcasting   | |  2.5
Transmutations | |  0.8

Action                   || total
-------------------------++-------
Melee: Club              ||    23
       Kick              ||     7
       Punch             ||     1
 Cast: Sandblast         ||    43
  Use: Potion            ||     1
Armor: Robe              ||    18
Dodge: Dodged            ||    51
